 Dungeon Crawl Stone Soup version 0.29.0-4-gdea44cf6ec (webtiles) character file.

Game seed: 933009231054430590

922 qw the Grappler (level 7, -4/67 HPs)
             Began as a Troll Cinder Acolyte on Sept 1, 2022.
             Was a High Priest of Ignis.
             Slain by an orc
             ... wielding a +0 flail
              (8 damage)
             ... on level 6 of the Dungeon.
             The game lasted 00:02:21 (3524 turns).

qw the Grappler (Troll Cinder Acolyte)              Turns: 3524, Time: 00:02:21

Health: -4/67      AC: 13    Str: 27    XL:     7   Next: 84%
Magic:  7/7        EV:  9    Int: 13    God:    Ignis [*****.]
Gold:   281        SH:  0    Dex:  5    Spells: 8/8 levels left

rFire   + + .      SeeInvis .     - Unarmed
rCold   . . .      Faith    .   (no shield)
rNeg    . . .      Spirit   .   f - +0 robe {rC+}
rPois   .          Reflect  .   (helmet restricted)
rElec   .          Harm     .   h - +1 cloak
rCorr   .          Rampage  .   (gloves unavailable)
Will    .....                   (boots unavailable)
Stlth   +.........              (no amulet)
HPRegen 1.01/turn               e - ring of Salvation {Fire Str+2 Int+3}
MPRegen 0.10/turn               (no ring)

@: fiery-armoured
A: large, unfitting armour, claws 3, regeneration 1, shaggy fur 1, tough skin 1
a: Renounce Religion, Fiery Armour, Foxfire Swarm, Rising Flame


You were on level 6 of the Dungeon.
You worshipped Ignis.
Ignis was extremely pleased with you.
You visited 1 branch of the dungeon, and saw 6 of its levels.

You collected 281 gold pieces.


Innate Abilities, Weirdness & Mutations

You are too large for most types of armour.
You have claws for hands.
Your natural rate of healing is unusually fast.
You are covered in fur. (AC +1)
You have tough skin. (AC +1)


   Skills:
 - Level 3.0 Fighting
 - Level 1.5 Dodging
 + Level 9.0 Unarmed Combat
 - Level 1.0 Spellcasting
 - Level 2.1 Fire Magic


You had 8 spell levels left.
You didn't know any spells.
Your spell library contained the following spells:

 Spells                   Type           Power      Damage    Failure   Level
 Scorch                   Fire           18%        2d6       17%         2

Inventory:

Armour
 f - a +0 robe of cold resistance (worn)
 h - a +1 cloak (worn)
Jewellery
 e - the ring of Salvation (left claw) {Fire Str+2 Int+3}
   (You found it on level 3 of the Dungeon)

   [ring of fire]

   It enhances your fire magic.
   Str:       It affects your strength (+2).
   Int:       It affects your intelligence (+3).
   rF:        It protects you from fire.
   rC:        It makes you vulnerable to cold.
Scrolls
 b - 2 scrolls of identify
 i - 2 scrolls of teleportation
Potions
 c - a potion of resistance
 d - 2 potions of curing

Dungeon Overview and Level Annotations

Branches:
Dungeon (6/15)
 Temple: D:4-7

Altars:
The Shining One

Shops:
D:2 (

Annotations:
D:3 3 runed translucent doors, Juohieq's ghost, amateur TeWr


Message History

(1) D:5 (2) D:4 Assign waypoint to what number? (0-9, D - delete waypoint) Waypoint 2 re-assigned from D:4 to D:6.
You mangle the ogre!!
The ogre is severely wounded.
You scratch the ogre.
You kill the ogre!
Your Dodging skill increases to level 1!
Found 6 stones.
You now have 281 gold pieces (gained 7).
Found a stone staircase leading up.
Found a gold wand.
You see here a wand of polymorph (11).
You see here a wand of polymorph (11).
Found 8 stones.
You open the door.
An orc warrior and an orc come into view.
The orc warrior shouts!
You hear a shout! x2
The orc warrior unwields a +0 glaive.
The orc warrior wields a +0 arbalest.
The orc warrior shoots a bolt.
The bolt barely misses you.
3515 ||| Stepping ~*~*~tactically~*~*~ (hiding).
You start waiting.
An orc is nearby!
You completely miss the orc.
The orc warrior shoots a bolt.
The bolt hits you!!
You hear a shout!
You closely miss the orc. The orc hits you with a +0 flail!
The orc warrior shoots a bolt.
The bolt barely misses you.
You hear a shout!
You closely miss the orc. Your claw misses the orc.
The orc hits you with a +0 flail.
You barely miss the orc.
The orc warrior shoots a bolt.
The bolt hits you! The orc hits you with a +0 flail.
3524 ||| INVOKING Fiery Armour.
A protective cloak of flame settles atop you.
The orc warrior shoots a bolt.
The bolt hits you!! The orc hits you with a +0 flail!
You die...

#.# ##........#
#+# ##(....#.###
...# #........#
....# #...###..#
..o..##........#
......#..#....##
.o....o..<....#
#.##....#
#@o.....#
#####.### #.#
#.# #.# #.# #.#
#.# .(#


You could see an orc warrior and an orc.

Vanquished Creatures
  Sigmund (D:4)
  A centaur (D:5)
  An ogre (D:6)
  A phantom (D:4)
  A scorpion (D:5)
  A gnoll bouda (D:5)
  4 hounds
  A jelly (D:5)
  2 iguanas
  8 gnolls (D:5)
  5 adders
  A white imp (D:5)
  2 worms (D:3)
  4 dart slugs
  5 orcs
  5 bats
  10 endoplasms
  3 giant cockroaches
  8 goblins
  5 hobgoblins
  8 jackals
  4 quokkas
  9 ball pythons
  5 frilled lizards
  8 kobolds
  6 rats
109 creatures vanquished.

Notes
Turn   | Place    | Note
-------+----------+-------------------------------------------
     0 | D:1      | qw the Troll Cinder Acolyte began the quest for the Orb.
     0 | D:1      | Reached XP level 1. HP: 22/22 MP: 1/1
     0 | D:1      | 0 ||| qw: Version: 0.1-a-97-g2dd2ca4
     0 | D:1      | 0 ||| qw: Game counter: 4846
     0 | D:1      | 0 ||| qw: Always use a shield: true
     0 | D:1      | 0 ||| qw: God list: Okawaru
     0 | D:1      | 0 ||| qw: Allow faded altars: false
     0 | D:1      | 0 ||| qw: Do Orc after D:15 true
     0 | D:1      | 0 ||| qw: Do second Lair branch before Depths: true
     0 | D:1      | 0 ||| qw: Lair rune preference: random
     0 | D:1      | 0 ||| qw: Plans: Normal
     0 | D:1      | 0 ||| PLANNING D:1-11
   110 | D:1      | Reached XP level 2. HP: 28/29 MP: 2/2
   225 | D:1      | 225 ||| Stepping ~*~*~tactically~*~*~ (outnumbered).
   226 | D:1      | 226 ||| Stepping ~*~*~tactically~*~*~ (outnumbered).
   227 | D:1      | 227 ||| Stepping ~*~*~tactically~*~*~ (outnumbered).
   228 | D:1      | 228 ||| Stepping ~*~*~tactically~*~*~ (outnumbered).
   229 | D:1      | 229 ||| Stepping ~*~*~tactically~*~*~ (outnumbered).
   230 | D:1      | 230 ||| Stepping ~*~*~tactically~*~*~ (outnumbered).
   231 | D:1      | 231 ||| Stepping ~*~*~tactically~*~*~ (outnumbered).
   233 | D:1      | Reached skill level 4 in Unarmed Combat
   478 | D:1      | 478 ||| READING scroll labelled KAUTAE QES MUA.
   479 | D:1      | 479 ||| READING 3 scrolls labelled JAETHI PEACOMA.
   480 | D:1      | 480 ||| READING 2 scrolls of identify.
   480 | D:1      | 480 ||| IDENTIFYING fuming brown potion
   481 | D:1      | 481 ||| DROPPING potion of degeneration.
   529 | D:2      | Reached XP level 3. HP: 36/36 MP: 3/3
   530 | D:2      | You fall into a shaft and drop 2 floors!
   531 | D:4      | 531 ||| READING scroll labelled DACSIE DIOTAQEIRCH.
   549 | D:3      | 549 ||| Stepping ~*~*~tactically~*~*~ (stealth).
   558 | D:3      | 558 ||| Stepping ~*~*~tactically~*~*~ (stealth).
   570 | D:3      | 570 ||| Stepping ~*~*~tactically~*~*~ (stealth).
   573 | D:3      | 573 ||| Stepping ~*~*~tactically~*~*~ (stealth).
   576 | D:3      | 576 ||| Stepping ~*~*~tactically~*~*~ (stealth).
   580 | D:3      | 580 ||| Stepping ~*~*~tactically~*~*~ (outnumbered).
   581 | D:3      | 581 ||| Stepping ~*~*~tactically~*~*~ (outnumbered).
   661 | D:3      | 661 ||| Stepping ~*~*~tactically~*~*~ (stealth).
   667 | D:3      | 667 ||| Stepping ~*~*~tactically~*~*~ (outnumbered).
   670 | D:3      | Reached XP level 4. HP: 44/44 MP: 4/4
   671 | D:3      | Reached skill level 5 in Unarmed Combat
   812 | D:3      | 812 ||| READING 2 scrolls of identify.
   812 | D:3      | 812 ||| IDENTIFYING lumpy pink potion
   964 | D:2      | 964 ||| Stepping ~*~*~tactically~*~*~ (hiding).
  1114 | D:2      | Found a faded altar of an unknown god.
  1376 | D:2      | Found Buenis's Weapon Boutique.
  1523 | D:2      | 1523 ||| READING scroll labelled FANAELAECE.
  1524 | D:2      | 1524 ||| READING scroll labelled XOBLOME MYTZA.
  1554 | D:3      | Identified the ring of Salvation {Fire Str+2 Int+3}
  1608 | D:3      | 1608 ||| Stepping ~*~*~tactically~*~*~ (stealth).
  1807 | D:3      | Noticed a necrophage
  1807 | D:3      | Noticed Juohieq's ghost (amateur TeWr)
  1824 | D:3      | 1824 ||| Stepping ~*~*~tactically~*~*~ (hiding).
  1848 | D:3      | 1848 ||| Stepping ~*~*~tactically~*~*~ (stealth).
  1907 | D:3      | 1907 ||| Stepping ~*~*~tactically~*~*~ (stealth).
  1908 | D:3      | 1908 ||| Stepping ~*~*~tactically~*~*~ (stealth).
  1922 | D:3      | Found a runed translucent gate.
  1922 | D:3      | Found a runed translucent gate.
  1922 | D:3      | Found a runed translucent gate.
  2024 | D:3      | 2024 ||| UPGRADING to ring of Salvation {Fire Str+2 Int+3}.
  2025 | D:3      | 2025 ||| READING scroll labelled NUOCSI RUACHU.
  2026 | D:3      | 2026 ||| READING scroll labelled PIN JUILOQEDUSONU.
  2027 | D:3      | 2027 ||| DRINKING 2 murky sapphire potions.
  2028 | D:3      | 2028 ||| Stepping randomly (stuck).
  2029 | D:3      | 2029 ||| Stepping ~*~*~tactically~*~*~ (cloud).
  2078 | D:4      | 2078 ||| Stepping ~*~*~tactically~*~*~ (outnumbered).
  2079 | D:4      | 2079 ||| STAIRDANCE
  2123 | D:4      | 2123 ||| Stepping ~*~*~tactically~*~*~ (outnumbered).
  2130 | D:4      | 2130 ||| Stepping ~*~*~tactically~*~*~ (stealth).
  2208 | D:4      | Reached XP level 5. HP: 44/50 MP: 5/5
  2263 | D:4      | Reached skill level 6 in Unarmed Combat
  2269 | D:4      | 2269 ||| Stepping ~*~*~tactically~*~*~ (stealth).
  2353 | D:4      | Found a glowing golden altar of the Shining One.
  2550 | D:4      | Reached XP level 6. HP: 59/59 MP: 6/6
  2572 | D:4      | Noticed Sigmund
  2573 | D:4      | 2573 ||| Stepping ~*~*~tactically~*~*~ (hiding).
  2586 | D:4      | Reached skill level 7 in Unarmed Combat
  2587 | D:4      | 2587 ||| FLEEEEING.
  2588 | D:4      | 2588 ||| FLEEEEING.
  2595 | D:4      | 2595 ||| Stepping ~*~*~tactically~*~*~ (hiding).
  2604 | D:4      | Killed Sigmund
  2605 | D:4      | Reached skill level 8 in Unarmed Combat
  2605 | D:4      | Reached XP level 7. HP: 61/66 MP: 7/7
  2657 | D:4      | 2657 ||| UPGRADING to +0 robe of cold resistance.
  2667 | D:4      | 2667 ||| DROPPING +0 robe.
  2668 | D:4      | 2668 ||| UPGRADING to +0 cloak.
  2673 | D:4      | 2673 ||| READING 3 scrolls of identify.
  2673 | D:4      | 2673 ||| IDENTIFYING bubbling ruby potion
  2674 | D:4      | 2674 ||| READING 2 scrolls of identify.
  2674 | D:4      | 2674 ||| IDENTIFYING bubbling dark potion
  2675 | D:4      | 2675 ||| DROPPING potion of brilliance.
  2676 | D:4      | 2676 ||| DROPPING potion of flight.
  2692 | D:5      | Entered Level 5 of the Dungeon
  2728 | D:5      | 2728 ||| INVOKING Fiery Armour.
  2734 | D:5      | Reached skill level 3 in Fighting
  2997 | D:5      | 2997 ||| Stepping ~*~*~tactically~*~*~ (hiding).
  3079 | D:5      | 3079 ||| Stepping ~*~*~tactically~*~*~ (stealth).
  3098 | D:5      | 3098 ||| Stepping ~*~*~tactically~*~*~ (stealth).
  3113 | D:5      | 3113 ||| Stepping ~*~*~tactically~*~*~ (stealth).
  3120 | D:5      | Reached skill level 9 in Unarmed Combat
  3218 | D:5      | 3218 ||| Stepping ~*~*~tactically~*~*~ (hiding).
  3428 | D:5      | 3428 ||| READING 2 scrolls labelled POLOHA REXECUPN.
  3429 | D:5      | 3429 ||| READING scroll of enchant armour.
  3429 | D:5      | 3429 ||| ENCHANTING +0 cloak.
  3465 | D:6      | Reached skill level 1 in Dodging
  3515 | D:6      | 3515 ||| Stepping ~*~*~tactically~*~*~ (hiding).
  3524 | D:6      | 3524 ||| INVOKING Fiery Armour.
  3524 | D:6      | HP: 4/67 [orc warrior/bolt (18)]
  3524 | D:6      | Slain by an orc

Levels and vault maps discovered:
D:1:      psy_arrival_dodecagon, layout_rooms
D:2:      layout_loops_ring, serial_shops, nicolae_square_shop,
          ebering_ecumenical_altar_webs
D:3:      layout_basic, gammafunk_ghost_split, kennysheep_cross_bottleneck,
          st_stairs_5, small_statue_intersection, hangedman_decor_lopped,
          minmay_vboxes
D:4:      layout_cave_pools, tso_altar, eino_small_chamber_without_monster,
          uniq_sigmund
D:5:      layout_loops_cross
D:6:      layout_loops_corners

Skill      XL: |  1  2  3  4  5  6  7 |
---------------+----------------------+-----
Unarmed Combat | 4 5 6 8 9 |  9.0
Fighting       | 3 |  3.0
Dodging        | 1 |  1.5
Spellcasting   | |  1.0
Fire Magic     | |  2.1

Action                   |  1- 3 |  4- 6 |  7- 9 || total
-------------------------+-------+-------+-------++-------
Melee: Unarmed           |    88 |   170 |    53 ||   311
       Punch             |     2 |     1 |     3 ||     6
Invok: Fiery Armour      |       |       |     2 ||     2
  Use: Scroll            |     4 |     5 |     4 ||    13
       Potion            |       |     1 |       ||     1
Armor: Robe              |    27 |    55 |    10 ||    92
Dodge: Dodged            |    19 |    63 |    23 ||   105

Table legend:
 A = Non-vault XP
 B = Vault XP
 C = Vault XP percentage of total XP
 D = Non-vault monster count
 E = Vault monster count
 F = Vault count percentage of total count
                 A         B        C        D         E       F
            +---------+---------+-------+---------+---------+-------
      Total |    1070 |     248 |  18.8 |      99 |      10 |   9.2
            +---------+---------+-------+---------+---------+-------
        D:1 |      36 |       0 |   0.0 |      23 |       0 |   0.0
        D:2 |      37 |       0 |   0.0 |      13 |       0 |   0.0
        D:3 |      84 |      17 |  16.8 |      22 |       9 |  29.0
        D:4 |     332 |     231 |  41.0 |      22 |       1 |   4.3
        D:5 |     472 |       0 |   0.0 |      18 |       0 |   0.0
        D:6 |     109 |       0 |   0.0 |       1 |       0 |   0.0
            +---------+---------+-------+---------+---------+-------
